 Dungeon Crawl Stone Soup version 0.25-a0-294-gea9b1ad (webtiles) character file.

Game seed: 10160842671577296759, levelgen mode: deterministic

88 MrTaco21 the Cudgeler (level 4, -4/28 HPs)
             Began as a Gargoyle Fighter on Dec 19, 2019.
             Was an Initiate of Gozag.
             Killed from afar by an orc wizard (9 damage)
             ... with a magic dart
             ... on level 3 of the Dungeon.
             The game lasted 00:02:14 (1846 turns).

MrTaco21 the Cudgeler (Gargoyle Fighter)            Turns: 1846, Time: 00:02:14

Health: -4/28      AC: 11    Str: 20    XL:     4   Next: 54%
Magic:  4/4        EV:  7    Int:  9    God:    Gozag
Gold:   107        SH:  9    Dex:  9    Spells: 3/3 levels left

rFire    . . .     SeeInvis .   a - +0 flail
rCold    . . .     Gourm    .   c - +0 shield
rNeg     + . .     Faith    .   b - +0 scale mail
rPois    ∞         Spirit   .   (no helmet)
rElec    +         Reflect  .   (no cloak)
rCorr    .         Harm     .   k - +0 pair of gloves
MR       .....                  (no boots)
Stlth    ..........             (no amulet)
HPRegen  0.09/turn              (no ring)
MPRegen  0.09/turn              (no ring)

@: slowed, very slow
A: negative energy resistance 1, electricity resistance, unbreathing,
petrification resistance, rot immunity, AC +3
a: Potion Petition, Call Merchant, Bribe Branch, Renounce Religion


You were on level 3 of the Dungeon.
You worshipped Gozag.
Gozag was aware of your devotion.
You were full.

You visited 1 branch of the dungeon, and saw 3 of its levels.

You collected 142 gold pieces.
You paid 35 gold pieces to Gozag.

Inventory:

Hand Weapons
 a - a +0 flail (weapon)
Armour
 b - a +0 scale mail (worn)
 c - a +0 shield (worn)
 k - a +0 pair of gloves (worn)
   (You found it on level 1 of the Dungeon)
Scrolls
 f - a scroll of remove curse {unknown}
 h - 2 scrolls of identify {unknown}
 i - 2 scrolls of amnesia {unknown}
 l - a scroll of random uselessness {unknown}
Potions
 d - a potion of might
 g - a potion of mutation {unknown}
 j - 2 potions of curing {unknown}
 m - a potion of agility {unknown}
 n - a potion of berserk rage {unknown}
Comestibles
 e - 5 rations {!d}


   Skills:
 - Level 3.2 Fighting
 + Level 4.6 Maces & Flails
 - Level 3.2 Armour
 - Level 3.2 Shields


You had 3 spell levels left.
You didn't know any spells.
Your spell library was empty.

Dungeon Overview and Level Annotations

Branches:
Dungeon (3/15)

Altars:
Fedhas
Gozag
Hepliaklqana
Nemelex Xobeh
Okawaru
Sif Muna
Uskayaw
Yredelemnul
Zin


Innate Abilities, Weirdness & Mutations

You are resistant to torment.
Your stone body is resilient. (AC +3)
You are immune to poison.
You resist negative energy. (rN+)
You are resistant to electric shocks. (rElec)
You can survive without breathing.
You are immune to petrification.
You are immune to rotting.


Message History

You block the orc wizard's attack.
You hit the orc wizard but do no damage.
The orc wizard hits you but does no damage.
The orc completely misses you.
The orc wizard hits you but does no damage.
Your shield and scale mail prevent you from hitting the orc wizard.
The orc hits you with a +0 mace. The orc wizard barely misses you.
You hit the orc wizard but do no damage.
You block the orc wizard's attack. The orc hits you with a +0 mace.
The orc wizard mumbles some strange words.
The orc wizard seems to speed up.
You hit the orc wizard but do no damage.
The orc barely misses you.
The orc wizard hits you with a +1 dagger of speed.
You block the orc wizard's attack.
You hit the orc wizard but do no damage.
The orc wizard barely misses you. The orc hits you but does no damage.
You block the orc wizard's attack.
You miss the orc wizard.
The orc wizard points at you and mumbles some strange words.
You feel yourself slow down. The orc hits you with a +0 mace.
* * * LOW HITPOINT WARNING * * *
You block the orc wizard's attack.
You completely miss the orc wizard. You block the orc wizard's attack.
The orc wizard casts a spell at you. The magic dart hits you.
* * * LOW HITPOINT WARNING * * *
You block the orc's attack.
The orc wizard hits you with a +1 dagger of speed.
* * * LOW HITPOINT WARNING * * *
The orc hits you but does no damage.
The orc wizard hits you with a +1 dagger of speed.
* * * LOW HITPOINT WARNING * * *
You sock the orc wizard!
The orc wizard hits you but does no damage.
The orc hits you with a +0 mace.
* * * LOW HITPOINT WARNING * * *
The orc wizard barely misses you.
The orc wizard hits you but does no damage.
The orc hits you but does no damage.
Unknown command.
You closely miss the orc.
The orc wizard hits you with a +1 dagger of speed.
* * * LOW HITPOINT WARNING * * *
The orc wizard hits you but does no damage.
The orc wizard casts a spell at you. The magic dart hits you!
You die...
Your body crumbles into a pile of gold.

#.# ##>. #.#
#... #.# #...
#.# #... #.#
##.. #.## ##.
#..# ...
#######.######
#.#..
#....o@o!....#
# ..#
#.#####.####)#
#.# #?# #. #.#
#. #.# #.# #..
##


You could see an orc wizard and an orc.

Vanquished Creatures
  Jessica (D:2)
  An adder (D:2)
  2 oozes (D:1)
  2 worms (D:2)
  A dart slug (D:1)
  An orc (D:3)
  A bat (D:1)
  A giant cockroach (D:1)
  4 goblins
  7 hobgoblins
  7 kobolds
  3 frilled lizards (D:1)
  4 rats
35 creatures vanquished.

Notes
Turn   | Place    | Note
-------+----------+-------------------------------------------
     0 | D:1      | MrTaco21 the Gargoyle Fighter began the quest for the Orb.
     0 | D:1      | Reached XP level 1. HP: 14/14 MP: 1/1
    67 | D:1      | Reached XP level 2. HP: 18/19 MP: 2/2
    89 | D:1      | Reached skill level 3 in Maces & Flails
   459 | D:1      | Reached XP level 3. HP: 23/23 MP: 3/3
  1010 | D:2      | Noticed Jessica
  1022 | D:2      | Killed Jessica
  1022 | D:2      | Reached skill level 4 in Maces & Flails
  1022 | D:2      | Reached XP level 4. HP: 25/28 MP: 4/4
  1124 | D:2      | Found a blossoming altar of Fedhas.
  1408 | D:2      | Found a basalt altar of Yredelemnul.
  1409 | D:2      | Found a hide-covered altar of Uskayaw.
  1410 | D:2      | Found a glowing silver altar of Zin.
  1411 | D:2      | Found a hazy altar of Hepliaklqana.
  1412 | D:2      | Found an iron altar of Okawaru.
  1413 | D:2      | Found a shimmering blue altar of Sif Muna.
  1657 | D:2      | Found a sparkling altar of Nemelex Xobeh.
  1658 | D:2      | Found an opulent altar of Gozag.
  1694 | D:2      | Became a worshipper of Gozag Ym Sagoz the Greedy
  1846 | D:3      | Killed from afar by an orc wizard

Levels and vault maps discovered:
D:1:      minmay_arrival_four_houses, layout_basic, minmay_tetromino_i2
D:2:      layout_loops_corners, grunt_temple_overflow_opulence, minitemple,
          dk_noncrumbling_4, fedhas_ov_isle_minmay, uniq_jessica
D:3:      layout_loops_ring

Skill      XL: |  1  2  3 |
---------------+----------+-----
Maces & Flails | 3 4 |  4.6
Fighting       | |  3.2
Armour         | |  3.2
Shields        | |  3.2

Action                   |  1- 3 |  4- 6 || total
-------------------------+-------+-------++-------
Melee: Flail             |   107 |    52 ||   159
  Eat: Ration            |       |     2 ||     2
       Chunk             |       |     2 ||     2
Armor: Scale mail        |    53 |    18 ||    71
Dodge: Dodged            |    42 |    19 ||    61
Block: Shield            |    55 |    20 ||    75

Table legend:
 A = Non-vault XP
 B = Vault XP
 C = Vault XP percentage of total XP
 D = Non-vault monster count
 E = Vault monster count
 F = Vault count percentage of total count
                 A         B        C        D         E       F
            +---------+---------+-------+---------+---------+-------
      Total |      86 |      41 |  32.3 |      32 |       3 |   8.6
            +---------+---------+-------+---------+---------+-------
        D:1 |      45 |       4 |   8.2 |      20 |       2 |   9.1
        D:2 |      36 |      37 |  50.7 |      10 |       1 |   9.1
        D:3 |       5 |       0 |   0.0 |       2 |       0 |   0.0
            +---------+---------+-------+---------+---------+-------
